Map: Ascension to Aiur LE

Players

PoRsTaKo

  • Race: Terran Terran
  • League: Platinum
  • Spawn Location: 11:00

Indy - Winner!

  • Race: Zerg Zerg
  • League: Grandmaster
  • Spawn Location: 5:00

VOD

https://www.youtube.com/watch?v=JBgNzHLR5aU&list=PLPWTBi7QYJqSgyPpusv43SlOd12NjlXdO&index=5

Description

Time

  • Played on: Jan. 12, 2018, 11:33 a.m.
  • Length: 19:18
Show
View Real Time Build Order
Export as new Build Order

PoRsTaKo Terran 

Build Orders: Hellion Opening, Mech 

Get SALT Encoding   

  12  0:02  SCV  
  13  0:14  SCV  
  13  0:18  Supply Depot  
  14  0:26  SCV  
  15  0:40  SCV  
  15  0:41  Barracks  
  16  0:47  Refinery  
  16  0:52  SCV  
  17  1:04  SCV  
  18  1:16  SCV  
  19  1:28  Marine  
  19  1:29  Orbital Command  
  20  1:43  Command Center  
  20  1:54  Factory  
  20  2:02  SCV  
  21  2:09  Refinery  
  21  2:14  SCV  
  22  2:26  SCV  
  22  2:27  Barracks Reactor  
  23  2:49  Supply Depot  
  23  2:55  SCV  
  26  2:59  Starport  
  24  3:07  SCV  
  24  3:08  Orbital Command  
  25  3:14  Hellion x2  
  25  3:19  SCV  
  30  3:31  SCV  
  30  3:33  Barracks Tech Lab  
  31  3:35  Starport Tech Lab  
  31  3:36  Hellion x2  
  35  3:43  Factory  
  35  3:48  SCV x2  
  37  3:52  Supply Depot  
  37  3:57  Hellion x2  
  37  4:00  SCV  
  42  4:04  SCV  
  43  4:12  SCV  
  43  4:16  SCV  
  45  4:22  Factory  
  45  4:24  SCV  
  38  4:45  SCV x2  
  39  4:50  Siege Tank  
  43  4:57  SCV  
  44  5:02  Armory  
  44  5:16  Engineering Bay, SCV x2  
  46  5:22  Siege Tank  
  49  5:28  SCV  
  49  5:33  Hellion x2  
  54  5:36  Supply Depot  
  54  5:45  Supply Depot  
  54  5:58  Hellion x3, SCV x2  
  54  6:03  Refinery  
  54  6:04  Refinery  
  62  6:06  Siege Tank  
  65  6:15  SCV x2  
  67  6:18  Supply Depot  
  67  6:22  Terran Vehicle Weapons Level 1  
  67  6:24  Supply Depot  
  67  6:38  Siege Tank  
  70  6:40  Hellion x2  
  70  6:41  Liberator  
  75  6:47  Supply Depot  
  75  6:51  Hellion  
  75  7:02  Hellion x2  
  79  7:17  Factory Tech Lab  
  79  7:18  Command Center  
  79  7:29  Command Center  
  78  7:46  Siege Tank, Hellion x2  
  78  7:47  Siege Tank  
  88  8:07  SCV x2  
  88  8:08  Hellion x2  
  94  8:19  Siege Tank  
  94  8:29  Supply Depot  
  94  8:30  Supply Depot  
  94  8:31  Supply Depot  
  94  8:33  Supply Depot  
  94  8:40  Hellion, SCV x2, Liberator  
  101  8:52  SCV x2  
  103  8:56  Orbital Command  
  103  9:00  Siege Tank, Hellion x2  
  103  9:02  Siege Tank  
  113  9:04  SCV  
  113  9:06  Factory  
  114  9:13  Refinery  
  114  9:21  Hellion  
  114  9:22  Hellion  
  114  9:23  Liberator  
  121  9:30  Refinery  
  121  9:31  SCV x3  
  123  9:32  Siege Tank, Orbital Command  
  123  9:33  Refinery  
  123  9:34  Siege Tank  
  130  9:39  Refinery  
  130  9:43  Hellion x2, SCV x2  
  136  9:56  SCV x3  
  139  10:04  Hellion x2  
  139  10:06  Liberator  
  146  10:08  SCV  
  141  10:23  Siege Tank, Hellion  
  146  10:43  SCV x3  
  146  10:44  Siege Tank  
  146  10:49  Supply Depot  
  152  10:51  Hellion x2  
  156  11:06  Siege Tank  
  148  11:12  Supply Depot  
  148  11:17  Hellion x2  
  148  11:18  Hellion  
  137  11:35  Supply Depot  
  137  11:38  Hellion  
  129  11:44  Hellion x3  
  135  12:00  Hellion  
  137  12:05  Hellion x3  
  143  12:09  Missile Turret  
  143  12:16  Terran Vehicle Weapons Level 2  
  143  12:21  Hellion  
  143  12:22  Armory, SCV x4  
  149  12:24  Liberator  
  149  12:27  Hellion x3  
  149  12:29  Missile Turret  
  158  12:33  Missile Turret  
  158  12:38  Missile Turret  
  158  12:39  Missile Turret, Factory Tech Lab  
  158  12:43  Hellion  
  160  12:48  Thor, Hellion  
  168  12:51  Missile Turret  
  165  13:03  Thor  
  171  13:07  Liberator  
  171  13:11  SCV x2  
  176  13:22  Supply Depot  
  170  13:31  Thor  
  176  13:36  SCV  
  176  13:37  SCV x3  
  180  13:45  Supply Depot  
  180  13:46  Thor  
  186  13:49  SCV x2  
  186  13:54  Command Center  
  188  14:06  SCV x2, Liberator  
  188  14:07  Supply Depot  
  171  14:32  Terran Vehicle And Ship Armor Level 1  
  171  14:35  Hellion x2  
  171  14:36  Hellion  
  103  15:16  Terran Ship Weapons Level 1  
  103  15:18  Thor, Hellbat  
  103  15:19  Thor x2  
  103  15:21  Hellion  
  113  15:39  Hellion  
  113  15:42  Factory, Hellion  
  91  15:44  Factory  
  52  16:01  Thor  
  52  16:02  Thor  
Show
View Real Time Build Order
Export as new Build Order

Indy Zerg - Winner!

Build Orders: Hatch First, Brood Lord Corruptor 

Get SALT Encoding   

  12  0:00  Drone  
  13  0:13  Overlord  
  13  0:16  Drone  
  14  0:31  Drone x2  
  14  0:35  Drone  
  17  0:52  Hatchery  
  17  0:55  Drone  
  17  0:58  Drone  
  17  1:04  Extractor  
  17  1:15  Spawning Pool  
  17  1:18  Drone  
  17  1:21  Drone  
  18  1:34  Drone  
  18  1:39  Overlord  
  19  1:52  Drone  
  20  2:03  Queen  
  20  2:04  Queen  
  20  2:05  Zergling x4  
  26  2:12  Drone  
  26  2:15  Drone  
  28  2:32  Hatchery  
  28  2:36  Drone  
  28  2:38  Drone  
  28  2:44  Metabolic Boost  
  29  2:50  Drone x2  
  31  2:54  Drone  
  32  2:58  Pneumatized Carapace  
  32  3:05  Drone x2  
  34  3:07  Drone  
  35  3:31  Drone  
  36  3:43  Queen  
  38  3:48  Queen  
  38  3:51  Drone x2  
  38  3:53  Overlord x2  
  42  4:06  Queen  
  42  4:10  Spore Crawler  
  42  4:11  Zergling x6, Spore Crawler  
  42  4:13  Drone x4  
  42  4:14  Baneling Nest  
  46  4:25  Zergling x4  
  46  4:26  Zergling x4  
  48  4:44  Drone x4  
  52  4:46  Lair  
  52  4:51  Extractor  
  51  4:56  Drone x3  
  51  4:59  Overlord, Drone x2  
  56  5:00  Overlord  
  56  5:01  Drone x2  
  58  5:12  Evolution Chamber x2  
  56  5:15  Drone x2  
  56  5:20  Drone x2  
  60  5:24  Drone x7  
  66  5:30  Drone x3  
  66  5:31  Drone  
  66  5:32  Extractor  
  69  5:40  Drone x3  
  72  5:43  Drone  
  72  5:47  Extractor, Drone  
  72  5:49  Overlord x2  
  73  5:51  Zerg Missile Weapons Level 1  
  73  5:54  Zerg Ground Armor Level 1  
  73  6:10  Extractor, Drone  
  73  6:11  Drone x8  
  81  6:12  Extractor, Drone  
  81  6:13  Drone  
  82  6:25  Drone  
  82  6:26  Drone x2  
  82  6:30  Hatchery  
  83  6:42  Spore Crawler  
  83  6:45  Drone x6  
  83  6:46  Hydralisk Den  
  87  6:52  Centrifical Hooks  
  87  6:59  Overlord x2  
  87  7:00  Overlord x2  
  87  7:01  Overlord  
  87  7:13  Overseer  
  87  7:16  Overlord  
  86  7:26  Hydralisk  
  86  7:27  Hydralisk x12  
  111  7:35  Muscular Augments  
  111  7:42  Zergling x10  
  111  7:43  Zergling x6  
  119  7:48  Drone x2  
  119  7:49  Drone x2  
  119  7:50  Zerg Missile Weapons Level 2  
  123  7:52  Zerg Ground Armor Level 2  
  123  8:05  Baneling x2  
  123  8:06  Baneling x21  
  123  8:25  Drone x2  
  123  8:26  Drone x6  
  123  8:27  Overlord x3, Drone x4  
  133  8:28  Overlord  
  133  8:29  Extractor  
  133  8:30  Extractor  
  133  8:42  Hatchery  
  132  9:55  Infestation Pit, Hydralisk x18  
  132  9:56  Hydralisk x7  
  132  9:57  Overlord x4  
  132  9:58  Overlord  
  179  10:10  Overlord x2  
  179  10:12  Zerg Melee Weapons Level 1  
  174  10:30  Spire  
  174  10:31  Hive  
  173  10:51  Zergling x20  
  173  10:52  Zergling x14  
  173  10:56  Evolution Chamber  
  187  11:01  Hatchery  
  187  11:03  Hatchery  
  180  11:12  Zergling x4  
  180  11:13  Zergling x8  
  186  11:41  Overseer  
  186  11:48  Corruptor x6  
  189  11:56  Corruptor x6  
  194  12:09  Zerg Ground Armor Level 3, Zerg Missile Weapons Level 3, Zerg Melee Weapons Level 2  
  194  12:10  Adrenal Glands  
  194  12:21  Extractor  
  194  12:22  Extractor  
  192  12:23  Greater Spire  
  169  13:31  Baneling  
  169  13:32  Baneling x17  
  169  13:35  Brood Lord  
  169  13:36  Brood Lord x11  
  193  13:43  Spine Crawler  
  193  13:44  Spine Crawler  
  193  13:45  Spine Crawler  
  190  13:58  Hatchery  
  190  13:59  Zergling x22  
  200  14:07  Hatchery  
  199  14:38  Zerg Melee Weapons Level 3  
  191  15:16  Ultralisk Cavern  
  167  15:45  Zergling x38  
  167  15:46  Zergling x30  
  167  15:47  Zergling x4  
Tags
 
Add a new tag
Caveats
  • Supply blocks, unpowered buildings, or Contaminate may cause inaccurate times.
  • Supply counts are checked every 10 seconds.